Map: Romanticide LE

Players

Magician - Winner!

  • Race: Protoss Protoss
  • League: Master
  • Spawn Location: 11:00

Osiris

  • Race: Terran Terran
  • League: Diamond
  • Spawn Location: 5:00

VOD

Have the link to the VOD?

Description

Time

  • Played on: Jan. 12, 2021, 6:17 p.m.
  • Length: 28:19
Show
View Real Time Build Order
Export as new Build Order

Magician Protoss - Winner!

Build Orders: 1 Gate Expand, Blink Stalkers, Chargelot Immortal 

Get SALT Encoding   

  12  0:00  Probe  
  13  0:12  Probe  
  14  0:17  Pylon  
  14  0:24  Probe (Chrono Boost)  
  15  0:36  Probe (Chrono Boost)  
  15  0:39  Gateway  
  16  0:45  Probe (Chrono Boost)  
  16  0:48  Assimilator  
  17  0:51  Probe  
  18  1:03  Probe  
  19  1:15  Probe  
  20  1:28  Nexus  
  20  1:36  Cybernetics Core  
  20  1:41  Assimilator  
  20  1:43  Probe  
  21  1:53  Pylon  
  21  1:55  Probe  
  22  2:07  Probe  
  23  2:16  Stalker (Chrono Boost)  
  23  2:18  Warp Gate  
  23  2:19  Probe  
  26  2:28  Twilight Council  
  26  2:31  Probe  
  27  2:43  Stalker, Probe  
  30  2:44  Probe  
  31  2:55  Probe  
  31  2:57  Probe  
  33  3:00  Blink (Chrono Boost)  
  33  3:07  Probe  
  33  3:09  Probe  
  35  3:19  Probe  
  36  3:21  Probe  
  36  3:25  Pylon  
  37  3:31  Probe  
  37  3:33  Probe  
  38  3:36  Robotics Facility  
  37  3:44  Probe  
  37  3:45  Probe  
  39  3:52  Gateway  
  39  3:53  Gateway  
  39  3:56  Probe  
  39  3:57  Probe  
  41  4:05  Pylon  
  41  4:08  Probe  
  41  4:09  Probe, Shield Battery  
  43  4:11  Stalker  
  45  4:17  Robotics Facility  
  45  4:20  Probe  
  45  4:21  Probe  
  47  4:29  Observer (Chrono Boost)  
  48  4:32  Probe  
  48  4:34  Pylon  
  48  4:36  Nexus  
  49  4:41  Stalker  
  49  4:44  Observer (Chrono Boost)  
  49  4:45  Probe x2  
  54  4:47  Stalker  
  54  4:51  Stalker  
  58  4:57  Probe  
  58  4:58  Probe  
  60  5:06  Gateway  
  60  5:07  Gateway  
  60  5:09  Probe  
  60  5:10  Probe  
  60  5:13  Charge (Chrono Boost)  
  62  5:14  Forge  
  63  5:21  Probe  
  63  5:22  Zealot, Probe  
  63  5:26  Zealot  
  68  5:33  Probe  
  68  5:34  Probe  
  70  5:39  Pylon  
  70  5:44  Shield Battery  
  70  5:47  Probe  
  70  5:48  Immortal, Probe  
  70  5:49  Stalker  
  78  5:50  Stalker  
  78  5:53  Protoss Ground Armor Level 1 (Chrono Boost)  
  80  6:03  Assimilator  
  80  6:04  Probe  
  80  6:05  Probe x2  
  80  6:07  Assimilator  
  83  6:12  Zealot  
  83  6:17  Probe x3  
  88  6:25  Immortal  
  92  6:29  Probe  
  93  6:34  Pylon  
  93  6:37  Assimilator  
  93  6:38  Pylon  
  93  6:39  Pylon  
  92  6:47  Probe  
  92  6:53  Sentry  
  92  6:54  Sentry  
  96  6:55  Zealot x2  
  96  6:58  Assimilator  
  96  6:59  Zealot  
  102  7:04  Immortal x2  
  110  7:09  Gateway  
  110  7:11  Gateway  
  110  7:12  Gateway  
  110  7:13  Pylon  
  110  7:18  Shield Battery  
  110  7:20  Zealot  
  110  7:21  Zealot x2  
  115  7:24  Sentry  
  115  7:26  Photon Cannon  
  115  7:28  Probe  
  106  7:37  Zealot  
  106  7:38  Probe x2  
  108  7:46  Stalker  
  108  7:47  Stalker  
  108  7:49  Stalker  
  108  7:50  Stalker  
  108  8:00  Immortal  
  108  8:01  Immortal  
  112  8:07  Zealot x4  
  120  8:14  Probe  
  120  8:15  Protoss Ground Armor Level 2 (Chrono Boost)  
  120  8:19  Templar Archives  
  121  8:22  Observer  
  121  8:25  Nexus  
  121  8:28  Photon Cannon  
  121  8:30  Zealot  
  121  8:31  Sentry  
  121  8:32  Pylon  
  125  8:38  Pylon  
  125  8:40  Pylon  
  125  8:48  Pylon  
  125  8:50  Observer x2  
  125  8:55  Zealot x4, Psionic Storm  
  133  9:07  High Templar x3  
  133  9:09  Zealot  
  141  9:17  Observer x2  
  141  9:21  Pylon  
  141  9:23  High Templar  
  141  9:24  Shield Battery  
  145  9:26  Shield Battery  
  145  9:27  Photon Cannon  
  145  9:28  Assimilator  
  145  9:32  Assimilator  
  145  9:37  High Templar  
  147  9:40  High Templar  
  147  9:45  Zealot x3, Photon Cannon  
  155  9:48  Shield Battery  
  155  9:53  High Templar, Photon Cannon  
  155  9:58  Zealot  
  155  9:59  Zealot  
  161  10:06  Robotics Bay  
  161  10:11  Gateway, Probe  
  162  10:15  Pylon  
  162  10:18  Pylon  
  162  10:21  High Templar x2  
  162  10:22  Nexus, Pylon  
  162  10:24  Pylon  
  162  10:26  Photon Cannon  
  162  10:27  High Templar, Shield Battery  
  168  10:29  High Templar  
  170  10:40  Stalker x2  
  170  10:41  Pylon  
  174  10:44  Pylon  
  174  10:53  Stalker x2  
  174  10:55  Stalker x2  
  159  11:20  Zealot x5  
  147  11:28  Immortal x2  
  147  11:33  High Templar x3  
  147  11:34  High Templar  
  147  11:39  Archon x2  
  155  11:46  Stargate  
  155  11:47  Stargate  
  155  11:51  Gateway  
  155  11:53  Gateway  
  155  11:55  Stargate  
  155  12:02  High Templar  
  155  12:03  High Templar  
  155  12:06  Disruptor  
  155  12:07  Zealot x4  
  155  12:08  Zealot  
  172  12:14  Zealot x2  
  176  12:25  Disruptor  
  171  12:31  Stalker x2  
  171  12:32  Stalker x3  
  173  12:42  Disruptor (Chrono Boost)  
  156  12:59  Disruptor (Chrono Boost)  
  157  13:08  Zealot x4  
  163  13:14  Fleet Beacon  
  163  13:15  Disruptor (Chrono Boost)  
  163  13:19  Dark Shrine  
  166  13:20  Observer  
  166  13:26  High Templar, Warp Prism  
  168  13:27  High Templar x2  
  168  13:32  Protoss Ground Weapons Level 1 (Chrono Boost), Pylon  
  174  13:34  Photon Cannon  
  174  13:37  Photon Cannon  
  174  13:38  Shield Battery  
  174  13:43  Warp Prism, Probe x2  
  178  13:54  Nexus  
  178  13:58  Pylon  
  178  13:59  Pylon, Protoss Air Weapons Level 1 (Chrono Boost)  
  178  14:02  Assimilator  
  178  14:03  Probe  
  178  14:04  Pylon  
  178  14:07  Assimilator, Photon Cannon, Shield Battery  
  178  14:08  High Templar  
  178  14:09  High Templar  
  183  14:10  High Templar x2  
  183  14:12  High Templar  
  189  14:20  Tempest (Chrono Boost)  
  194  14:26  Tempest (Chrono Boost)  
  199  14:42  Pylon  
  199  14:45  Shield Battery  
  199  14:59  Photon Cannon  
  199  15:01  Photon Cannon  
  199  15:30  Archon  
  192  15:52  Zealot x2  
  192  15:53  Zealot x5  
  192  16:03  Tempest (Chrono Boost)  
  192  16:04  Tempest x2 (Chrono Boost)  
  183  16:18  Assimilator  
  183  16:23  Photon Cannon  
  183  16:24  Assimilator, Pylon, Shield Battery  
  175  16:29  Probe  
  176  16:35  Photon Cannon  
  176  16:37  High Templar x3  
  176  16:38  Tempest (Chrono Boost), Carrier (Chrono Boost)  
  176  16:39  Pylon, Carrier (Chrono Boost)  
  182  16:40  Photon Cannon  
  182  16:43  Shield Battery  
  182  16:44  Shadow Stride (Chrono Boost), Dark Templar  
  182  16:47  Shield Battery  
  199  16:55  Protoss Air Weapons Level 2  
  199  17:00  Protoss Ground Weapons Level 2 (Chrono Boost)  
  199  17:28  Nexus  
  199  17:31  Pylon  
  199  17:34  Pylon  
  193  17:52  Pylon  
  193  17:56  Pylon  
  179  18:09  Dark Templar x2  
  179  18:10  Dark Templar x8  
  199  18:26  Shield Battery  
  199  18:27  Shield Battery  
  199  18:29  Pylon  
  199  18:31  Shield Battery  
  199  18:39  Observer  
  197  19:47  Stargate  
  197  19:50  Stargate  
  197  19:51  Stargate  
  197  19:53  Protoss Air Weapons Level 3 (Chrono Boost)  
  197  19:55  Pylon  
  197  19:57  Nexus  
  197  19:58  Pylon  
  197  19:59  Gateway  
  195  20:03  Gateway  
  191  20:52  High Templar x2, Pylon  
  191  20:54  Pylon  
  191  20:55  Photon Cannon  
  191  20:56  Unknown  
  194  20:57  Shield Battery  
  194  20:59  Photon Cannon  
  194  21:02  Pylon  
  194  21:06  Pylon  
  194  21:11  Nexus  
  194  21:12  Pylon  
  194  21:13  Pylon  
  194  21:15  Pylon  
  194  21:16  Pylon  
  194  21:34  Protoss Ground Weapons Level 3 (Chrono Boost)  
  194  21:35  Observer x2  
  196  21:45  Pylon  
  196  21:51  Photon Cannon  
  196  21:54  Photon Cannon  
  196  21:58  Shield Battery  
  189  22:02  Assimilator  
  189  22:03  Assimilator, Disruptor x2  
  189  22:06  Shield Battery  
  189  22:07  Shield Battery  
  173  22:09  Dark Templar x5, Shield Battery  
  173  22:10  Dark Templar x4  
  173  22:11  Dark Templar  
  173  22:12  Zealot x2  
  147  22:24  Zealot  
  140  22:30  Carrier x5  
  141  22:39  Disruptor  
  134  22:58  Carrier  
  121  23:07  High Templar x3  
  121  23:08  High Templar x4  
  131  23:13  Archon x2  
  131  23:19  High Templar  
  133  23:26  High Templar  
  133  23:27  High Templar  
  137  23:32  Archon  
  143  23:34  Protoss Air Armor Level 1 (Chrono Boost), Carrier  
  143  23:47  Probe (Chrono Boost)  
  144  23:57  Probe (Chrono Boost)  
  144  23:59  Disruptor  
  144  24:00  Disruptor  
  144  24:02  Probe (Chrono Boost)  
  152  24:13  Probe  
  148  24:25  Probe  
  142  24:35  Disruptor x2  
  142  24:38  Probe  
  149  24:49  Dark Templar x4  
  157  25:01  Pylon  
  157  25:06  Shield Battery  
  157  25:07  Dark Templar x3, Shield Battery  
  157  25:11  Nexus  
  157  25:12  Pylon  
  163  25:27  High Templar x2  
  167  25:29  High Templar  
  169  25:38  Dark Templar  
  169  25:39  Nexus  
  169  25:41  Assimilator  
  171  25:44  High Templar, Pylon  
  171  25:46  Pylon  
  171  25:49  Pylon  
  173  25:51  Photon Cannon  
  173  25:53  Photon Cannon, Shield Battery  
  173  25:54  Dark Templar  
  173  25:55  Dark Templar, Shield Battery  
  177  25:58  Zealot x4  
  177  25:59  Zealot x2  
  189  26:06  High Templar  
  189  26:09  Zealot x2  
  195  26:18  Stalker x2  
  197  26:23  Photon Cannon  
  190  26:34  Stalker x2  
  169  26:52  Colossus x2  
  169  26:53  Carrier (Chrono Boost)  
  187  27:02  Probe  
  187  27:05  Assimilator  
  187  27:07  Assimilator  
  188  27:12  Pylon  
  188  27:14  Pylon, Probe  
  187  27:23  Probe x3  
  196  27:37  Dark Templar  
  196  27:47  Observer x2  
Show
View Real Time Build Order
Export as new Build Order

Osiris Terran 

Build Orders: Reaper Expand 

Get SALT Encoding   

  12  0:00  SCV  
  13  0:12  SCV  
  14  0:16  Supply Depot  
  14  0:24  SCV  
  15  0:38  SCV  
  15  0:39  Barracks  
  16  0:43  Refinery  
  16  0:51  SCV  
  17  1:03  SCV  
  18  1:16  SCV  
  19  1:29  Orbital Command  
  19  1:30  Reaper  
  20  1:46  Command Center  
  20  1:56  SCV  
  20  1:58  Supply Depot  
  21  2:02  Marine  
  22  2:10  SCV  
  23  2:16  Factory  
  23  2:24  SCV  
  23  2:26  Bunker, Barracks Reactor  
  24  2:32  Refinery  
  24  2:36  SCV  
  25  2:48  SCV  
  26  2:57  Orbital Command  
  26  3:00  SCV  
  26  3:01  Hellion  
  26  3:05  Starport  
  29  3:06  Marine  
  29  3:09  Marine  
  31  3:14  SCV  
  32  3:24  Marine  
  32  3:26  Factory Tech Lab  
  33  3:32  SCV  
  34  3:40  Marine  
  34  3:44  Barracks  
  34  3:46  SCV  
  34  3:47  SCV  
  36  3:50  Supply Depot  
  36  3:53  Raven  
  36  3:55  Factory Tech Lab  
  38  3:59  SCV  
  38  4:00  SCV  
  40  4:06  Marine x2  
  42  4:11  SCV  
  42  4:13  Siege Tank, SCV  
  47  4:18  Refinery  
  47  4:20  Engineering Bay, Supply Depot  
  47  4:23  SCV  
  48  4:26  Barracks  
  48  4:27  SCV  
  48  4:28  Marine  
  48  4:29  Marine  
  51  4:43  SCV  
  52  4:46  Terran Infantry Weapons Level 1, Supply Depot, SCV  
  52  4:49  Marine  
  52  4:50  Stimpack  
  54  4:53  Starport Reactor  
  54  4:55  SCV  
  54  4:58  Marine x2  
  57  5:00  SCV  
  58  5:07  SCV  
  58  5:08  Supply Depot  
  58  5:11  Marine  
  58  5:12  SCV  
  61  5:19  SCV  
  61  5:21  Marine x2, Supply Depot, Marauder  
  65  5:22  Refinery, Factory Reactor  
  65  5:25  SCV  
  67  5:32  Medivac x2  
  67  5:33  Marauder  
  73  5:37  SCV x2, Supply Depot  
  73  5:39  Marine x2  
  77  5:45  Marauder  
  79  5:50  SCV  
  79  5:55  Marauder  
  82  5:58  Marine x2  
  82  6:02  Widow Mine  
  82  6:03  Widow Mine, SCV  
  87  6:06  Supply Depot  
  87  6:08  Supply Depot  
  87  6:12  Marauder  
  87  6:13  Combat Shield  
  87  6:15  Medivac  
  91  6:21  Marine, Marauder  
  94  6:28  Marine  
  94  6:29  Supply Depot  
  94  6:31  Supply Depot  
  95  6:33  Widow Mine x2  
  95  6:34  Marauder  
  100  6:43  Marauder  
  100  6:44  Marine  
  102  6:55  Command Center, Terran Infantry Armor Level 1  
  102  6:58  Barracks, Supply Depot, Marauder  
  102  6:59  Widow Mine, Barracks  
  102  7:00  Supply Depot  
  106  7:03  Medivac  
  106  7:07  SCV  
  109  7:10  Marine x2  
  109  7:11  Marauder  
  113  7:21  Supply Depot  
  113  7:27  Supply Depot  
  113  7:33  Marine x2, Marauder x2  
  98  8:03  Marauder x2  
  98  8:04  Barracks Tech Lab, Marine x2  
  98  8:05  Widow Mine x2, Medivac x2  
  97  8:06  Barracks Tech Lab  
  97  8:13  Engineering Bay  
  97  8:14  Armory  
  97  8:20  SCV  
  97  8:24  Marauder  
  97  8:25  Marine x2, Marauder x2  
  97  8:26  Refinery  
  97  8:27  Concussive Shells  
  106  8:28  Marauder  
  106  8:29  Widow Mine x2  
  106  8:30  Orbital Command  
  106  8:31  SCV  
  106  8:32  SCV  
  114  8:38  Viking  
  116  8:41  Viking  
  116  8:43  SCV  
  116  8:44  SCV  
  120  9:03  Marine x2, Marauder x3  
  120  9:04  SCV, Marauder  
  120  9:05  Terran Infantry Weapons Level 2, Terran Infantry Armor Level 2  
  120  9:06  SCV  
  120  9:07  SCV  
  120  9:09  Terran Ship Weapons Level 1  
  133  9:12  Viking  
  135  9:19  SCV x3  
  140  9:24  Viking  
  140  9:25  Marauder  
  140  9:26  Marauder  
  140  9:27  Marauder  
  140  9:28  Marauder  
  140  9:30  Refinery  
  148  9:47  Marauder x2  
  148  9:49  Viking, Marauder x2  
  158  9:54  Viking  
  158  9:57  Marine x2  
  162  10:03  Ghost Academy, SCV x2  
  164  10:09  Command Center  
  164  10:17  Starport  
  164  10:21  Barracks  
  164  10:23  Marauder  
  164  10:24  Barracks, Marauder x3  
  164  10:28  Barracks  
  172  10:35  Enhanced Shockwaves  
  172  10:39  Fusion Core  
  172  10:40  SCV  
  173  10:45  SCV  
  173  10:46  Supply Depot x2  
  173  10:47  Marauder x2  
  178  10:53  Supply Depot  
  178  10:54  Supply Depot  
  178  10:57  Ghost  
  171  11:12  Marauder  
  171  11:13  Marauder  
  171  11:16  Marine x4  
  171  11:17  Barracks Reactor  
  158  11:28  Marauder x2  
  158  11:29  Liberator x2  
  151  11:34  Marauder  
  151  11:38  Barracks Reactor x2, Marine  
  151  11:39  Marine  
  151  11:45  Liberator x2, Marauder  
  159  11:47  Advanced Ballistics  
  148  12:09  Ghost, Marauder x3  
  148  12:10  Marine x3  
  153  12:29  Ghost, Marine x4  
  130  12:30  Marauder  
  130  12:31  Marauder  
  130  12:32  Marine x3  
  137  12:39  Ghost  
  137  12:41  Liberator x2  
  141  12:51  Ghost  
  93  13:03  Marine x3, Marauder x2  
  92  13:14  SCV x3  
  92  13:15  Planetary Fortress  
  92  13:18  Marine x3, Marauder  
  92  13:19  Liberator x2  
  106  13:35  Marine, Marauder  
  106  13:36  Marine x3, Marauder x2  
  106  13:37  Liberator  
  119  13:47  Marine x4  
  121  13:48  Liberator  
  124  13:59  Personal Cloaking  
  124  14:01  Marauder x4  
  132  14:05  SCV x3  
  135  14:21  Marine  
  135  14:22  Marine x5  
  135  14:23  Marauder x3  
  147  14:29  Sensor Tower  
  147  14:31  Supply Depot  
  147  14:35  Supply Depot  
  147  14:36  Marine x2  
  147  14:37  Supply Depot  
  149  14:49  Marine x5, Marauder x3  
  160  14:53  Marine x2  
  162  15:06  Sensor Tower  
  162  15:17  Marine x2, Marauder x2  
  159  15:37  Marine x3, Marauder x2  
  98  16:12  Marine x7, Marauder x3  
  98  16:14  Liberator x2, Viking  
  98  16:15  Viking  
  121  16:20  SCV x2  
  123  16:30  Marine, Marauder  
  123  16:31  Marine x5  
  131  16:33  Factory Reactor, Marauder x2  
  135  16:43  Marine  
  135  16:44  Marine x2  
  138  16:47  Medivac x2  
  138  16:49  Terran Infantry Weapons Level 3  
  138  16:51  Terran Infantry Armor Level 3, Orbital Command  
  142  16:57  Medivac x2  
  142  17:00  Marine  
  142  17:01  Marine x4  
  151  17:11  Nuke  
  151  17:23  Medivac x2  
  151  17:24  Refinery, Marine, Marauder x4  
  164  17:32  Refinery x2  
  164  17:42  Sensor Tower  
  164  17:45  Marauder x2  
  168  17:55  Marine x4  
  165  18:08  Marauder x4  
  165  18:09  Viking x2  
  177  18:18  Refinery  
  177  18:24  Command Center  
  177  18:28  Marine x6  
  177  18:29  Marine  
  184  18:38  Barracks  
  184  18:40  Barracks  
  184  18:41  Barracks  
  184  18:44  Supply Depot, SCV  
  184  18:45  SCV x2, Supply Depot  
  184  18:47  Ghost, Missile Turret  
  184  18:48  Ghost x3  
  189  18:50  Missile Turret  
  192  19:10  Viking x4  
  196  19:27  Orbital Command  
  193  19:39  Planetary Fortress  
  193  19:41  Missile Turret  
  193  19:48  Missile Turret, Orbital Command  
  193  19:50  Missile Turret  
  193  19:52  Missile Turret  
  193  19:58  Ghost x2, Missile Turret  
  193  19:59  Missile Turret  
  197  20:06  Orbital Command  
  197  20:10  Missile Turret  
  197  20:13  Barracks Tech Lab  
  197  20:14  Barracks Tech Lab x2  
  182  20:29  Orbital Command  
  182  20:30  SCV x2  
  182  20:31  Missile Turret, SCV  
  185  20:40  Marine x3, Marauder x4  
  185  20:42  SCV  
  197  20:43  Missile Turret  
  197  20:56  Command Center  
  197  21:39  Missile Turret  
  197  21:43  Missile Turret  
  197  21:46  Missile Turret  
  146  22:17  Marine x7  
  146  22:18  Marine, Marauder  
  146  22:19  Viking x4, Marauder x3  
  146  22:21  Marauder x3  
  146  22:34  Marine  
  134  22:40  Marauder x3  
  122  22:51  Marine x2  
  106  23:12  Orbital Command  
  104  23:22  Marine  
  104  23:23  Marine x6, Marauder x3  
  104  23:24  Marine x3  
  104  23:25  Viking x2  
  104  23:26  Liberator x2  
  130  23:28  Marauder  
  130  23:31  SCV x2  
  130  23:33  SCV  
  135  23:42  Marauder  
  135  23:44  Marauder  
  139  23:49  Marauder x2  
  139  23:50  Barracks Tech Lab, Marauder  
  139  23:51  Marine  
  143  24:19  Marauder  
  143  24:20  Ghost x3  
  105  24:38  Marine x2, Marauder  
  105  24:39  Marauder  
  105  24:40  Marauder  
  105  24:43  Marine x2  
  105  24:44  Marine x3  
  108  24:49  Marauder x2  
  108  24:52  Ghost  
  112  24:59  Command Center  
  114  25:00  Medivac x4  
  114  25:03  Marauder  
  114  25:04  Marauder  
  126  25:33  Marine x3, Orbital Command, Marauder x4  
  126  25:34  Marine x4  
  141  25:38  Medivac x2  
  141  25:41  Marauder x2  
  149  25:59  Marauder  
  149  26:00  Marauder x3  
  149  26:02  Marauder x2  
  161  26:14  Marine x3  
  159  26:21  Marauder x3  
  110  27:06  Marine, Marauder x6  
  110  27:07  Marine x4  
  126  27:11  Command Center  
  126  27:13  Command Center  
  125  27:25  SCV x3  
  129  27:37  SCV  
  129  27:40  SCV  
  130  27:49  SCV  
  131  27:55  SCV  
Tags
 
Add a new tag
Caveats
  • Supply blocks, unpowered buildings, or Contaminate may cause inaccurate times.
  • Supply counts are checked every 10 seconds.